[ AOE2 MATCH · #508751307 ]
UnrankedSicilians vs Sicilians
Player's team · WIN
Rival team · LOSS
[ REPLAY ANALYSIS · EXTRACTED FROM THE RECORDED GAME ]
Feudal
9:19
Castle
—
Imperial
—
| APM avg | 48.0 |
| APM peak | 72 |
| eAPM avg | 17.5 |
| Villagers / military | 22 / 0 |
Focus
⚔️ 14.1% · 🌾 85.9%
Feudal
—
Castle
—
Imperial
—
| APM avg | 34.4 |
| APM peak | 65 |
| eAPM avg | 11.7 |
| Villagers / military | 23 / 0 |
Focus
⚔️ 13.5% · 🌾 86.5%
Match map
Initial resources + every placement click. Lines = walls · curves = elevation contours. ◆ gold · ⬟ stone · ● berries · ✦ relic · ◌ wall gap
Your base
Deimian1993's base
Smoothed initial terrain · ◌ = detected wall gap · hover for details
Inputs per minute
— morningsun - - Deimian1993
Build order — morningsun
33 actions detected in the replay
| 0:00 | Queue | Villager (Male) |
| 0:01 | Queue | Villager (Male) |
| 0:01 | Queue | Villager (Male) |
| 0:01 | Queue | Villager (Male) |
| 0:02 | Queue | Villager (Male) |
| 0:03 | Build | House |
| 0:04 | Build | House |
| 1:30 | Queue | Villager (Male) |
| 1:58 | Queue | Villager (Male) |
| 2:00 | Build | Lumber Camp |
| 2:18 | Queue | Villager (Male) |
| 2:35 | Build | House |
| 2:48 | Queue | Villager (Male) |
| 3:09 | Queue | Villager (Male) |
| 3:34 | Queue | Villager (Male) |
| 4:10 | Queue | Villager (Male) |
| 4:10 | Queue | Villager (Male) |
| 4:32 | Build | Mill |
| 4:34 | Queue | Villager (Male) |
| 5:20 | Queue | Villager (Male) |
| 5:20 | Queue | Villager (Male) |
| 5:20 | Queue | Villager (Male) |
| 5:20 | Queue | Villager (Male) |
| 6:21 | Research | Loom |
| 7:09 | Research | Feudal Age |
| 9:05 | Build | Palisade Wall |
| 9:19 | Age | Feudal Age |
| 9:26 | Queue | Villager (Male) |
| 9:26 | Queue | Villager (Male) |
| 9:36 | Build | Donjon |
| 9:43 | Build | House |
| 9:44 | Queue | Villager (Male) |
| 10:57 | Queue | Villager (Male) |
Build order — Deimian1993
34 actions detected in the replay
| 0:01 | Queue | Villager (Male) |
| 0:01 | Queue | Villager (Male) |
| 0:02 | Queue | Villager (Male) |
| 0:03 | Build | House |
| 0:05 | Build | House |
| 0:49 | Queue | Villager (Male) |
| 1:44 | Queue | Villager (Male) |
| 1:44 | Queue | Villager (Male) |
| 2:04 | Queue | Villager (Male) |
| 2:17 | Queue | Villager (Male) |
| 2:40 | Queue | Villager (Male) |
| 2:40 | Queue | Villager (Male) |
| 2:55 | Queue | Villager (Male) |
| 2:55 | Queue | Villager (Male) |
| 3:52 | Build | Lumber Camp |
| 4:05 | Queue | Villager (Male) |
| 4:05 | Queue | Villager (Male) |
| 4:05 | Queue | Villager (Male) |
| 4:10 | Build | House |
| 4:11 | Build | House |
| 4:29 | Queue | Villager (Male) |
| 5:31 | Queue | Villager (Male) |
| 5:31 | Queue | Villager (Male) |
| 6:11 | Queue | Villager (Male) |
| 6:24 | Build | Mill |
| 7:01 | Queue | Villager (Male) |
| 7:24 | Research | Loom |
| 8:14 | Queue | Villager (Male) |
| 8:14 | Queue | Villager (Male) |
| 8:14 | Queue | Villager (Male) |
| 9:29 | Build | Town Center |
| 10:14 | Build | Palisade Wall |
| 10:15 | Build | Palisade Wall |
| 10:16 | Build | Palisade Wall |
Match timeline
| 9:05 | morningsun · wall_segment Palisade Wall x1 |
| 9:19 | morningsun · age_up feudal |
| 9:36 | morningsun · first_building Donjon |
| 10:14 | Deimian1993 · wall_segment Palisade Wall x1 |
| 10:15 | Deimian1993 · wall_segment Palisade Wall x1 |
| 10:16 | Deimian1993 · wall_segment Palisade Wall x1 |
| 11:05 | Deimian1993 · resign |
[ AI ANALYSIS · 1 CREDIT ]
What really happened in this match?
Wolo.gg analyzes every decision: build order, eco, micro, common mistakes by bracket. Personalized analysis on WhatsApp or Discord in 30 seconds.
Civ guide
Sicilians
Perfil
morningsun